 Dungeon Crawl Stone Soup version 0.25-a0-458-g6fc7858b95 (webtiles) character file.

Game seed: 1625602337804304883, levelgen mode: deterministic

599 funkygono the Magician (level 7, -3/47 HPs)
             Began as a Demonspawn Wizard on Feb 1, 2020.
             Shot with an arrow by a centaur (12 damage)
             ... on level 5 of the Dungeon.
             The game lasted 00:13:20 (5762 turns).

funkygono the Magician (Demonspawn Wizard)          Turns: 5762, Time: 00:13:20

Health: -3/47      AC:  6    Str:  8    XL:     7   Next: 17%
Magic:  0/16       EV: 13    Int: 21    God:
Gold:   288        SH:  6    Dex: 11    Spells: 12/18 levels left

rFire    . . .     SeeInvis .   k - +3 dagger (venom)
rCold    . . .     Gourm    .   (no shield)
rNeg     . . .     Faith    .   a - +0 robe
rPois    .         Spirit   +   b - +1 hat
rElec    .         Reflect  .   e - +0 cloak
rCorr    .         Harm     .   f - +0 pair of gloves
MR       .....                  s - +0 pair of boots
Stlth    ++........             z - amulet of magic regeneration
HPRegen  0.15/turn              (no ring)
MPRegen  0.40/turn              (no ring)

@: no status effects
A: hooves 1, large bone plates 2, magic shield
a: no special abilities


You were on level 5 of the Dungeon.
You were not hungry.

You visited 1 branch of the dungeon, and saw 5 of its levels.

You collected 288 gold pieces.

Inventory:

Hand Weapons
 k - a +3 dagger of venom (weapon)
 r - a +1 dagger of protection
Missiles
 m - 92 stones (quivered)
Armour
 a - a +0 robe (worn)
 b - a +1 hat (worn)
 e - a +0 cloak (worn)
 f - a +0 pair of gloves (worn)
 h - a +0 shield
 s - a +0 pair of boots (worn)
Jewellery
 z - an amulet of magic regeneration (around neck)
Scrolls
 c - a scroll of magic mapping {unknown}
 t - a scroll of immolation
 w - a scroll of remove curse
Potions
 g - 2 potions of lignification
 i - 2 potions of haste
 j - a potion of invisibility
 l - a potion of cancellation
 n - a potion of mutation
 o - a potion of brilliance {unknown}
 p - 2 potions of curing
 q - a potion of agility {unknown}
 u - a potion of resistance {unknown}
 v - a potion of ambrosia {unknown}
Comestibles
 d - 9 rations


   Skills:
 + Level 0.6 Fighting
 - Level 0.4 Short Blades
 + Level 2.8 Dodging
 + Level 2.3 Stealth
 + Level 0.9 Shields
 * Level 6.1 Spellcasting
 + Level 3.2 Conjurations
 + Level 1.1 Hexes
   Level 1.0 Summonings
   Level 0.8 Translocations


You had 12 spell levels left.
You knew the following spells:

 Your Spells              Type           Power        Failure   Level  Hunger
a - Magic Dart            Conj           ###.         2%          1    None
b - Slow                  Hex            ##......     10%         2    None
c - Conjure Flame         Conj/Fire      ##......     14%         3    ##.....

Your spell library contained the following spells:

 Spells                   Type           Power        Failure   Level  Hunger
 Call Imp                 Summ           ##......     10%         2    None
 Blink                    Tloc           N/A          11%         2    None
 Mephitic Cloud           Conj/Pois/Air  ##......     19%         3    ##.....


Dungeon Overview and Level Annotations

Branches:
Dungeon (5/15)
 Temple: D:4-7

Altars:
Elyvilon


Innate Abilities, Weirdness & Mutations

You have large cloven feet.
You are mostly covered in large bone plates. (SH +6)
When hurt, damage is shared between your health and your magic reserves.


Message History

Confirm with . or Enter, or press ? or * to list all spells.
Aiming: Magic Dart (safe; 2% risk of failure)
Press: ? - help, Shift-Dir - straight line, f/p - centaur
Aim: a centaur, wielding a +0 shortbow and quivering 19 arrows (moderately wounded)
The magic dart hits the centaur.
The centaur is severely wounded.
The centaur shoots an arrow.
The arrow closely misses you.
The centaur shoots an arrow.
The arrow hits you but does no damage.
You hear an angry hiss.
Casting: Magic Dart (safe; 2% risk of failure)
Confirm with . or Enter, or press ? or * to list all spells.
Aiming: Slow (safe; 10% risk of failure)
Press: ? - help, Shift-Dir - straight line, f/p - centaur
Aim: a centaur, wielding a +0 shortbow and quivering 17 arrows (severely wounded, chance to defeat MR: 47%)
The centaur seems to slow down.
The centaur shoots an arrow.
The arrow hits you.
* * * LOW HITPOINT WARNING * * *
You hear an angry hiss.
The centaur shoots an arrow.
The arrow hits you!
You die...

. ##### ###### ..
######...###### #....# ...
#....+...(†...###....##
....#...##..(####'#.'.....#
c.......##..........#)....#
........c...........>.....#+#
......%.####@........#.......
...........#....)..#.#.......
#.####..$..#.................
#.....######....####'###
......+ .......####.#
.......# ###..........#
.(...... .........#####
#......###.....#...#
.........#


You could see a centaur.

Vanquished Creatures
  Prince Ribbit (D:5)
  A sky beast (D:5)
  An ogre (D:4)
  A crimson imp (D:5)
  An orc wizard (D:4)
  A worker ant (D:4)
  4 adders
  An adder skeleton (D:4)
  2 worms
  A dart slug (D:1)
  A leopard gecko (D:3)
  13 orcs
  A ball python (D:1)
  2 giant cockroaches (D:2)
  7 goblins
  10 hobgoblins
  3 jackals (D:1)
  A quokka (D:2)
  6 bats
  5 frilled lizards
  A jackal skeleton (D:4)
  5 kobolds
  2 leopard gecko skeletons
  10 rats
  A fungus (D:4)
82 creatures vanquished.

Vanquished Creatures (others)
  3 toadstools (D:4)
3 creatures vanquished.

Grand Total: 85 creatures vanquished

Notes
Turn   | Place    | Note
-------+----------+-------------------------------------------
     0 | D:1      | funkygono the Demonspawn Wizard began the quest for the
                  | Orb.
     0 | D:1      | Reached XP level 1. HP: 13/13 MP: 4/4
   325 | D:1      | Gained mutation: You are partially covered in large bone
                  | plates. (SH +4) [demonic ancestry]
   325 | D:1      | Reached XP level 2. HP: 19/19 MP: 0/6
   445 | D:1      | Learned a level 2 spell: Slow
  1275 | D:1      | Gained mutation: You are mostly covered in large bone
                  | plates. (SH +6) [demonic ancestry]
  1275 | D:1      | Reached XP level 3. HP: 24/24 MP: 4/8
  1352 | D:2      | Learned a level 3 spell: Conjure Flame
  1910 | D:2      | Reached skill level 4 in Spellcasting
  2729 | D:3      | Reached XP level 4. HP: 28/30 MP: 1/10
  2812 | D:3      | Found a white marble altar of Elyvilon.
  4530 | D:4      | Noticed an ogre
  4542 | D:4      | Killed an ogre
  4542 | D:4      | Reached skill level 1 in Hexes
  4542 | D:4      | Reached XP level 5. HP: 11/35 MP: 3/12
  5011 | D:4      | Reached skill level 5 in Spellcasting
  5578 | D:5      | Entered Level 5 of the Dungeon
  5622 | D:5      | Gained mutation: You have large cloven feet. [demonic
                  | ancestry]
  5622 | D:5      | Reached XP level 6. HP: 41/41 MP: 8/13
  5682 | D:5      | Noticed Prince Ribbit
  5686 | D:5      | Noticed a sky beast
  5706 | D:5      | Killed Prince Ribbit
  5711 | D:5      | Killed a sky beast
  5711 | D:5      | Reached skill level 6 in Spellcasting
  5711 | D:5      | Gained mutation: When hurt, damage is shared between your
                  | health and your magic reserves. [demonic ancestry]
  5711 | D:5      | Reached XP level 7. HP: 34/47 MP: 13/16
  5762 | D:5      | Shot with an arrow by a centaur

Levels and vault maps discovered:
D:1:      eino_arrival_water_star, layout_basic
D:2:      layout_basic, kennysheep_generic_room_2
D:3:      layout_basic, first_ration, supply_closet_lemuel,
          minmay_misc_feat_encased, minmay_splitting_lines, elyvilon_altar_4
D:4:      lemuel_upstairs_altar, layout_layer_cave, minmay_gold_behind_fungi
D:5:      layout_basic, cheibrodos_ashenzari_chains,
          minmay_temple_entry_statues_fountains, uniq_prince_ribbit1

Skill      XL: |  1  2  3  4  5  6 |
---------------+-------------------+-----
Spellcasting   | 4 5 6 |  6.1
Dodging        | 2 |  2.8
Conjurations   | 2 3 |  3.2
Stealth        | 2 |  2.3
Hexes          | 1 |  1.1
Fighting       | |  0.6
Short Blades   | |  0.4
Shields        | |  0.9
Summonings     | |  1.0
Translocations | |  0.8

Action                   |  1- 3 |  4- 6 |  7- 9 || total
-------------------------+-------+-------+-------++-------
Melee: Dagger            |    44 |    57 |     3 ||   104
 Cast: Magic Dart        |   104 |    99 |     7 ||   210
       Slow              |    17 |     1 |     1 ||    19
       Conjure Flame     |       |     1 |       ||     1
  Use: Scroll            |     5 |     8 |       ||    13
       Potion            |       |     2 |       ||     2
  Eat: Chunk             |     6 |     4 |       ||    10
       Ration            |       |     2 |       ||     2
Armor: Robe              |    14 |    16 |     2 ||    32
Dodge: Dodged            |    34 |    20 |     5 ||    59
Block: Other             |    17 |    14 |       ||    31

Table legend:
 A = Non-vault XP
 B = Vault XP
 C = Vault XP percentage of total XP
 D = Non-vault monster count
 E = Vault monster count
 F = Vault count percentage of total count
                 A         B        C        D         E       F
            +---------+---------+-------+---------+---------+-------
      Total |     565 |     292 |  34.1 |      79 |       2 |   2.5
            +---------+---------+-------+---------+---------+-------
        D:1 |      41 |       0 |   0.0 |      24 |       0 |   0.0
        D:2 |      44 |       1 |   2.2 |      21 |       1 |   4.5
        D:3 |      53 |       0 |   0.0 |      15 |       0 |   0.0
        D:4 |     223 |       0 |   0.0 |      12 |       0 |   0.0
        D:5 |     204 |     291 |  58.8 |       7 |       1 |  12.5
            +---------+---------+-------+---------+---------+-------
